 Dungeon Crawl Stone Soup version 0.31-a0-846-gb3bcc0d938 (webtiles) character file.

Game seed: 4059484068216879693

5717 demibob the Basher (level 10, 0/79 (88) HPs)
             Began as a Troll Chaos Knight on Oct 4, 2023.
             Was a Plaything of Xom.
             Slain by a wight
             ... wielding a +4 spear
              (4 damage)
             ... on level 9 of the Dungeon.
             The game lasted 00:12:35 (6207 turns).

demibob the Basher (Troll Chaos Knight)             Turns: 6207, Time: 00:12:37

HP:   0/79 (88)     AC: 12    Str: 21    XL:     10   Next: 48%
MP:   9/9           EV: 11    Int:  7    God:    Xom [...*..]
Gold: 570           SH:  0    Dex: 17    Spells: 9/9 levels left

rFire   . . .        a - +0 giant spiked club (elec)
rCold   . . .        (shield currently unavailable)
rNeg    . . .        b - +2 robe
rPois   .            (helmet restricted)
rElec   .            m - +2 cloak {Will+}
rCorr   .            (gloves unavailable)
SInv    .            (boots unavailable)
Will    +....        p - amulet of the acrobat
Stlth   ++           T - +4 ring of protection
HPRegen 1.13/turn    (no ring)
MPRegen 0.11/turn

%: acrobat
@: hasted, studying Dodging, heavily drained, very quick
A: large, unfitting armour, claws 3, regeneration 1, shaggy fur 1, tough skin 1,
beak, agile 1, deformed body, inability to read after injury 1
a: Renounce Religion


You were on level 9 of the Dungeon.
You worshipped Xom.
You were a favourite toy of Xom.
You visited 1 branch of the dungeon, and saw 9 of its levels.

You collected 570 gold pieces.


Innate Abilities, Weirdness & Mutations

You are too large for most types of armour.
You have claws for hands.
Your natural rate of healing is unusually fast.
You are covered in fur. (AC +1)
You have tough skin. (AC +1)
You have a beak for a mouth.
You are agile. (Dex +4, Str/Int -1)
Armour fits poorly on your strangely shaped body.
You occasionally lose the ability to read scrolls when taking damage.


   Skills:
 - Level 2.4 Fighting
 + Level 14.4 Maces & Flails
 + Level 2.8 Dodging


You had 9 spell levels left.
You didn't know any spells.
Your spell library contained the following spells:

 Spells                   Type           Power      Damage    Failure   Level
 Magic Dart               Conj           0%         1d3       43%         1
 Necrotise                Necr           0%         1d4       43%         1
 Call Imp                 Summ           0%         N/A       56%         2
 Lesser Beckoning         Tloc           0%         N/A       56%         2
 Gell's Gravitas          Tloc           0%         N/A       80%         3
 Inner Flame              Hex/Fire       0%         N/A       80%         3
 Mephitic Cloud           Conj/Pois/Air  0%         N/A       80%         3
 Teleport Other           Tloc           0%         N/A       80%         3
 Vampiric Draining        Necr           0%         2d6       80%         3
 Agony                    Necr           0%         N/A       100%        5
 Yara's Violent Unravell  Hex/Tmut       0%         3d3       100%        5
 Enfeeble                 Hex            0%         N/A       100%        7

Inventory:

Hand Weapons
 a - a +0 giant spiked club of electrocution (weapon)
 c - a +0 mace of chaos
 x - a +0 dire flail of flaming
 A - a +0 giant club
Missiles
 d - 2 throwing nets {=f}
Armour
 b - a +2 robe (worn)
 m - a +2 cloak of willpower (worn)
Magical Staves
 g - a staff of conjuration {!a}
Jewellery
 p - an amulet of the acrobat (around neck)
 I - a +6 ring of intelligence
 P - a ring of poison resistance
 T - a +4 ring of protection (left claw)
Wands
 f - a wand of roots (2)
 t - a wand of charming (29)
Scrolls
 r - 2 scrolls of silence {!r}
 s - a scroll of brand weapon
 u - a scroll of noise
 y - a scroll of revelation
Potions
 e - a potion of mutation
 i - a potion of degeneration {unknown}
 j - a potion of resistance {unknown}
 k - 2 potions of curing {@q1}
 l - a potion of ambrosia {unknown}
 n - a potion of cancellation {unknown}
 o - 5 potions of lignification {unknown}
 q - a potion of brilliance
 v - 2 potions of attraction {unknown}
 z - 2 potions of haste {@q3}
 C - 2 potions of might {unknown}

Dungeon Overview and Level Annotations

Branches:
Dungeon (9/15)             Temple (0/1) D:6
   Lair: D:8-11         Orc: D:9-12

Altars:
Elyvilon
Kikubaaqudgha
Nemelex Xobeh
Ru
Uskayaw
Xom
Zin
The Shining One

Shops:
D:2 !   D:8 [:

Annotations:
D:2 1 runed translucent door, Crazy Yiuf

#............#*
#.............
#.........z...*
#............z* *
#...b.....?...* *
#h.bbbb.......****
#Yhzb.........*,,*
#yyy..........*,,,
#@yhz.........* *
#############,, ,*
**** *


You could see a yak, 3 howler monkeys, 4 killer bees and 2 wights.


Message History

You feel sick.
The killer bee stings you but does no damage. x2
The killer bee closely misses you.
The killer bee stings you but does no damage.
The wight hits you from afar with a +4 spear!
* * * LOW HITPOINT WARNING * * *
The wight barely misses you.
It was a potion of curing.
You feel better.
Xom thinks this is hilarious!
The killer bee closely misses you. The killer bee stings you!
* * * LOW HITPOINT WARNING * * *
The wight hits you from afar with a +4 spear.
* * * LOW HITPOINT WARNING * * *
You feel drained.
Okay, then.
You sock the wight!
You destroy the wight!
Your butterfly disappears in a burst of colours!
The killer bee stings you.
* * * LOW HITPOINT WARNING * * *
The killer bee stings you but does no damage. x2
The killer bee stings you.
* * * LOW HITPOINT WARNING * * *
You puncture the killer bee!
The killer bee is almost dead.
The killer bee completely misses you. The killer bee barely misses you.
The killer bee stings you but does no damage.
The wight hits you from afar with a +4 spear.
You die...
Xom bursts into laughter!

Skill      XL: |  1  2  3  4  5  6  7  8  9 10 |
---------------+-------------------------------+-----
Maces & Flails | 3 4 5 6 7 9 11 13 14 | 14.4
Dodging        | 2 |  2.8
Fighting       | |  2.4

Action                     |  1- 3 |  4- 6 |  7- 9 | 10-12 || total
---------------------------+-------+-------+-------+-------++-------
  Melee: Mace              |   110 |   126 |       |       ||   236
         Punch             |       |     1 |       |       ||     1
         Dire flail        |       |       |   308 |    43 ||   351
         Peck              |       |       |    33 |     9 ||    42
         Giant spiked club |       |       |       |    21 ||    21
  Evoke: Wand              |       |       |     3 |     3 ||     6
    Use: Scroll            |     2 |     7 |     9 |     4 ||    22
         Potion            |       |     1 |       |     4 ||     5
   Stab: Sleeping          |     2 |     1 |     5 |       ||     8
         Paralysed         |       |     3 |       |     1 ||     4
         Confused          |       |       |     1 |       ||     1
 Armour: Robe              |    92 |    82 |   174 |    67 ||   415
  Dodge: Dodged            |    62 |    74 |   166 |    45 ||   347

Levels and vault maps discovered:
D:1:      minmay_arrival_open_corners, layout_basic, basic_ecumenical_altar
D:2:      layout_loops_ring, serial_shops, shop, uniq_crazy_yiuf_cottage
D:3:      layout_basic, xom_butterflies, amethyst_killhole
D:4:      layout_basic, lemuel_zombie_altar_kikubaaqudgha,
          jmf_multi_god_temple2, minmay_manual_mandibuliform, uniq_sigmund,
          uniq_grinder, uniq_blork_the_orc
D:5:      layout_basic, mainiacjoe_overflow_paths, jmf_multi_god_temple
D:6:      layout_cave_pools, minmay_temple_entry_mini_moons, st_stairs_7
D:7:      layout_rooms, roderic_roman_lattice
D:8:      layout_cave_pools, general_overflow_altar, serial_shops,
          nicolae_inconvenience_store, shop, chequers_serial_rivers_large_a,
          kennysheep_another_room
D:9:      layout_basic, hangedman_minor_gate_pass

Notes
Turn   | Place    | Note
-------+----------+-------------------------------------------
     0 | D:1      | demibob the Troll Chaos Knight began the quest for the Orb.
     0 | D:1      | Reached XP level 1. HP: 22/22 MP: 0/0
    66 | D:1      | Reached skill level 3 in Maces & Flails
    82 | D:1      | Reached XP level 2. HP: 29/29 MP: 1/1
   151 | D:1      | Found a faded altar of an unknown god.
   221 | D:1      | XOM: divination: detect creatures
   417 | D:1      | XOM: silly message
   572 | D:2      | Found a runed translucent door.
   573 | D:2      | Noticed Crazy Yiuf
   638 | D:2      | Found Hoantaill's Distillery.
   662 | D:2      | Reached skill level 4 in Maces & Flails
   662 | D:2      | Reached XP level 3. HP: 36/36 MP: 2/2
   707 | D:2      | XOM: silly message
   735 | D:2      | XOM: divination: magic mapping
   926 | D:2      | XOM: divination: detect creatures
  1089 | D:2      | Reached XP level 4. HP: 44/44 MP: 3/3
  1134 | D:2      | XOM: silly message
  1464 | D:3      | XOM: noise
  1561 | D:3      | XOM: silly message
  1567 | D:3      | Found a shimmering altar of Xom.
  1811 | D:3      | Reached skill level 5 in Maces & Flails
  1811 | D:3      | Reached XP level 5. HP: 49/50 MP: 4/4
  2110 | D:4      | Noticed Grinder
  2127 | D:4      | XOM: confuse monster(s)
  2132 | D:4      | Killed Grinder
  2133 | D:4      | Reached skill level 6 in Maces & Flails
  2133 | D:4      | Reached XP level 6. HP: 52/59 MP: 5/5
  2157 | D:4      | Identified the +8 dagger "Dragonslayer" {spect, rCorr
                  | Int+3}
  2172 | D:4      | XOM: polymorph endoplasm -> goblin
  2205 | D:4      | XOM: blink monster(s)
  2210 | D:4      | Reached skill level 7 in Maces & Flails
  2258 | D:4      | Found a large runed translucent door.
  2258 | D:4      | Found a large runed translucent door.
  2443 | D:4      | Noticed Blork the orc
  2457 | D:4      | Killed Blork the orc
  2458 | D:4      | Reached XP level 7. HP: 46/66 MP: 6/6
  2670 | D:4      | Noticed Sigmund
  2677 | D:4      | Killed Sigmund
  2678 | D:4      | Reached skill level 8 in Maces & Flails
  2698 | D:4      | Found an ancient bone altar of Kikubaaqudgha.
  2778 | D:4      | Found a glowing silver altar of Zin.
  2785 | D:4      | Found a glowing golden altar of the Shining One.
  2831 | D:5      | Entered Level 5 of the Dungeon
  2852 | D:5      | Found a hide-covered altar of Uskayaw.
  2852 | D:5      | Found a white marble altar of Elyvilon.
  2870 | D:5      | XOM: draining
  3004 | D:5      | XOM: 6-stop teleportation journey
  3102 | D:5      | Reached skill level 9 in Maces & Flails
  3102 | D:5      | Reached XP level 8. HP: 72/74 MP: 7/7
  3206 | D:5      | XOM: give mutations
  3206 | D:5      | Gained mutation: You are agile. (Dex +4, Str/Int -1) [Xom's
                  | mischief]
  3206 | D:5      | Gained mutation: Armour fits poorly on your strangely
                  | shaped body. [Xom's mischief]
  3206 | D:5      | Gained mutation: You occasionally lose the ability to read
                  | scrolls when taking damage. [Xom's mischief]
  3206 | D:5      | Gained mutation: Your magical capacity is low. (-10% MP)
                  | [Xom's mischief]
  3467 | D:5      | Found a sparkling altar of Nemelex Xobeh.
  3667 | D:5      | XOM: give mutations
  3667 | D:5      | Lost mutation: Your magical capacity is low. (-10% MP)
                  | [Xom's mischief]
  3667 | D:5      | Gained mutation: You have a beak for a mouth. [Xom's
                  | mischief]
  3838 | D:5      | XOM: summons 2 hostile demons
  3839 | D:5      | Noticed an ice devil
  3882 | D:6      | Reached skill level 10 in Maces & Flails
  4014 | D:6      | Found a staircase to the Ecumenical Temple.
  4071 | D:6      | Reached skill level 11 in Maces & Flails
  4116 | D:6      | Reached XP level 9. HP: 64/80 MP: 8/8
  4504 | D:7      | Reached skill level 12 in Maces & Flails
  4538 | D:7      | XOM: chaos cloud
  4583 | D:7      | XOM: summons 2 hostile demons
  4777 | D:7      | XOM: draining
  4995 | D:7      | XOM: confusion
  4996 | D:7      | XOM: swap monsters
  5020 | D:8      | Found Assesok's Book Shoppe.
  5078 | D:8      | Reached skill level 13 in Maces & Flails
  5201 | D:8      | Found a sacrificial altar of Ru.
  5225 | D:8      | XOM: 2-stop teleportation journey
  5601 | D:8      | Found Johebuafia's Antique Armour Boutique.
  5606 | D:8      | XOM: cloud trail
  5848 | D:8      | XOM: cloud trail
  5863 | D:9      | XOM: stealth player
  5915 | D:9      | XOM: confuse monster(s)
  5917 | D:9      | XOM: enchant monster (good)
  5921 | D:9      | Reached XP level 10. HP: 82/88 MP: 9/9
  6036 | D:9      | XOM: enchant monster (good)
  6045 | D:9      | Noticed a two-headed ogre
  6053 | D:9      | XOM: blink monster(s)
  6063 | D:9      | XOM: confuse monster(s)
  6064 | D:9      | Killed a two-headed ogre
  6065 | D:9      | Reached skill level 14 in Maces & Flails
  6147 | D:9      | Reached skill level 2 in Dodging
  6172 | D:9      | XOM: 1-stop teleportation journey
  6185 | D:9      | XOM: summons 4 friendly demons
  6198 | D:9      | XOM: divination: magic mapping
  6204 | D:9      | XOM: smoke on damage
  6204 | D:9      | HP: 8/80 [wight/+4 spear (9)]
  6206 | D:9      | HP: 3/78 [killer bee (1)]
  6207 | D:9      | Slain by a wight

Vanquished Creatures
  A two-headed ogre (D:9)
  Grinder (D:4)
  Sigmund (D:4)
  A wyvern (D:8)
  7 yaks
  5 steam dragons
  2 sky beasts
  A black bear (D:5)
  3 orc warriors
  2 ice beasts
  2 ogres
  3 phantoms
  Blork the orc (D:4)
  A kobold brigand (D:9)
  3 bullfrogs
  2 scorpions
  2 wights (D:9)
  3 killer bees (D:9)
  3 howler monkeys
  3 jellies
  2 gnoll boudas
  2 orc priests
  4 hounds
  6 iguanas
  2 sleepcaps
  6 orc wizards
  12 adders
  6 gnolls
  3 shadow imps
  2 white imps
  2 ufetubi
  2 worms (D:4)
  2 dart slugs (D:1)
  39 orcs
  9 ball pythons
  6 bats
  3 bat zombies (D:4)
  4 endoplasms
  4 giant cockroaches
  8 goblins
  5 hobgoblins
  2 kobolds
  A quokka (D:2)
  5 frilled lizards
  6 rats
190 creatures vanquished.

Vanquished Creatures (collateral kills)
  An orc (D:9)
1 creature vanquished.

Vanquished Creatures (others)
  A kobold brigand (D:9)
1 creature vanquished.

Grand Total: 192 creatures vanquished

Table legend: (Time is in decaauts)
 A = Elapsed time spent in this place.
 B = Non-inter-level travel time spent in this place.
 C = Inter-level travel time spent in this place.
 D = Time resting spent in this place.
 E = Time spent auto-exploring this place.
 F = Levels seen in this place.
 G = Mean time per level.
                   A        B        C        D        E       F      G
               +--------+--------+--------+--------+--------+-----+--------+
         Total |   6145 |   5923 |    222 |     98 |   4565 |   9 |  682.8 |
       Dungeon |   6145 |   5923 |    222 |     98 |   4565 |   9 |  682.8 |
               +--------+--------+--------+--------+--------+-----+--------+

Top non-repeatable levels by time:
     D:5: 1025 daAuts
     D:2: 880 daAuts
     D:8: 827 daAuts
     D:4: 744 daAuts
     D:3: 695 daAuts
     D:7: 607 daAuts
     D:1: 541 daAuts
     D:6: 507 daAuts
     D:9: 316 daAuts

Table legend:
 A = Non-vault XP
 B = Vault XP
 C = Vault XP percentage of total XP
 D = Non-vault monster count
 E = Vault monster count
 F = Vault count percentage of total count
                 A         B        C        D         E       F
            +---------+---------+-------+---------+---------+-------
      Total |    6003 |    2165 |  26.5 |     169 |      23 |  12.0
            +---------+---------+-------+---------+---------+-------
        D:1 |      38 |       0 |   0.0 |      19 |       0 |   0.0
        D:2 |      60 |       0 |   0.0 |      18 |       0 |   0.0
        D:3 |     113 |       0 |   0.0 |      17 |       0 |   0.0
        D:4 |     189 |     668 |  77.9 |      14 |      11 |  44.0
        D:5 |     595 |     142 |  19.3 |      25 |       2 |   7.4
        D:6 |     926 |     292 |  24.0 |      18 |       2 |  10.0
        D:7 |    1732 |       0 |   0.0 |      24 |       0 |   0.0
        D:8 |     728 |       0 |   0.0 |      18 |       0 |   0.0
        D:9 |    1622 |    1063 |  39.6 |      16 |       8 |  33.3
            +---------+---------+-------+---------+---------+-------
